 Dungeon Crawl Stone Soup version 0.31-a0-1309-gbf3fed316f (webtiles) character file.

Game seed: 9748020954977871496

1262 GordonOverkill the Sneak (level 8, -3/60 HPs)
             Began as a Spriggan Delver on Dec 20, 2023.
             Was a Priest of Vehumet.
             Slain by a water moccasin (4 damage)
             ... on level 5 of the Dungeon.
             The game lasted 00:14:02 (6479 turns).

GordonOverkill the Sneak (Spriggan Delver)          Turns: 6479, Time: 00:14:03

Health: -3/60      AC: 24    Str:  8    XL:     8   Next: 27%
Magic:  4/15       EV:  4    Int: 14    God:    Vehumet [***...]
Gold:   305        SH:  0    Dex: 16    Spells: 9/15 levels left

rFire   . . .        n - +2 dagger (drain)
rCold   . . .        (no shield)
rNeg    . . .        a - melded +0 robe
rPois   +            (helmet currently unavailable)
rElec   .            E - melded +0 cloak
rCorr   .            (gloves unavailable)
SInv    +            (boots unavailable)
Will    +....        (no amulet)
Stlth   ++++         l - ring of flight
HPRegen 0.30/turn    (no ring)
MPRegen 0.14/turn

%: no passive effects
@: lethally poisoned (-3 -> -16), tree-form, invisible
A: stationary, stasis, torment immunity, boosted hp, very small, no large
weapons, unfitting armour, see invisible, (speed 3)
a: Renounce Religion


You were on level 5 of the Dungeon.
You worshipped Vehumet.
Vehumet was most pleased with you.
You were a tree.
You visited 2 branches of the dungeon, and saw 11 of its levels.

You collected 305 gold pieces.

Inventory:

Hand Weapons
 n - a +2 dagger of draining (weapon)
Missiles
 e - 5 boomerangs (quivered)
 q - 5 throwing nets
Armour
 a - a +0 robe (melded)
 E - a +0 cloak (melded)
Jewellery
 l - a ring of flight (left branch)
Wands
 f - a wand of digging (3)
 x - a wand of iceblast (11)
Scrolls
 b - 2 scrolls of fog
 c - 2 scrolls of revelation
 g - 2 scrolls of noise {unknown}
 h - 4 scrolls of identify {unknown}
 i - 3 scrolls of enchant armour {unknown}
 j - 2 scrolls of butterflies {unknown}
 m - 2 scrolls of teleportation {unknown}
 p - a scroll of poison {unknown}
 s - a scroll of immolation
 t - 2 scrolls of blinking {unknown}
 v - a scroll of vulnerability {unknown}
 w - a scroll of torment {unknown}
 y - a scroll of brand weapon {unknown}
 C - a scroll of enchant weapon {unknown}
Potions
 o - a potion of invisibility
 r - a potion of brilliance {unknown}
 u - a potion of cancellation
 z - a potion of resistance {unknown}
 A - a potion of haste
 B - a potion of berserk rage {unknown}
 D - a potion of enlightenment {unknown}


   Skills:
 - Level 3.0 Fighting
 - Level 2.6 Dodging
 - Level 7.2 Stealth
 - Level 1.5 Unarmed Combat
 - Level 4.0 Spellcasting
 - Level 5.0 Conjurations
 + Level 7.1 Transmutations
 - Level 3.0 Evocations


You had 9 spell levels left.
You knew the following spells:

 Your Spells              Type           Power      Damage    Failure   Level
a - Magic Dart            Conj           64%        1d6       1%          1
b - Irradiate             Conj/Tmut      9%         3d14      12%         5

Your spell library contained the following spells:

 Spells                   Type           Power      Damage    Failure   Level
 Hailstorm                Conj/Ice       9%         3d6       5%          3
 Frozen Ramparts          Ice            4%         1d1       16%         3
 Necrotise                Necr           8%         1d4       19%         1
 Sublimation of Blood     Necr           2%         N/A       28%         2
 Leda's Liquefaction      Tmut/Erth      6%         N/A       41%         4
 Petrify                  Tmut/Erth      12%        N/A       41%         4
 Vampiric Draining        Necr           2%         2d6       50%         3
 Agony                    Necr           2%         N/A       99%         5
 Metabolic Englaciation   Hex/Ice        1%         N/A       99%         5


Dungeon Overview and Level Annotations

Branches:
Dungeon (10/15)            Temple (1/1) D:7
   Lair: D:8-11         Orc: D:9-12

Altars:
Ashenzari
Cheibriados
Dithmenos
Elyvilon
Fedhas
Gozag
Hepliaklqana
Kikubaaqudgha
Nemelex Xobeh
Okawaru
Qazlal
Ru
Sif Muna
Trog
Uskayaw
Vehumet
Xom
Yredelemnul
Zin
The Shining One


Innate Abilities, Weirdness & Mutations

You are a tree.
Your roots penetrate the ground, keeping you stationary.
You cannot be teleported.
You are immune to unholy pain and torment.
Your maximum health is greatly increased.
Your equipment is partially melded.
You are very small and have problems with some larger weapons.
You are too small for most types of armour.
You have supernaturally acute eyesight. (SInv)
((You cover ground extremely quickly. (Speed+++)))


Message History

Press: ? - help, Shift-Dir - straight line, f/p - water moccasin
Aim: a water moccasin (severely wounded, misshapen and mutated, 100% to hit)
The magic dart hits the water moccasin.
The water moccasin is almost dead.
You feel sick. The water moccasin bites you.
You are more poisoned.
The water moccasin poisons you! The orc hits you with a +0 club.
* * * LOW HITPOINT WARNING * * *
Casting: Magic Dart (safe; 1% risk of failure)
Confirm with . or Enter, or press ? or * to list all spells.
You miscast Irradiate.
Nothing appears to happen.
You feel very sick. The water moccasin bites you.
* * * LOW HITPOINT WARNING * * *
You are more poisoned.
The water moccasin poisons you! The orc hits you with a +0 club.
* * * LOW HITPOINT WARNING * * *
The water moccasin bites you.
* * * LOW HITPOINT WARNING * * *
You are more poisoned.
The water moccasin poisons you!
Unknown command.
It was a potion of cancellation.
You feel magically purged.
Your magical contamination has completely faded away.
* * * LOW HITPOINT WARNING * * *
You feel very sick. The water moccasin closely misses you. The orc misses you.
Okay, then.
It was a potion of invisibility.
You fade into invisibility!
* * * LOW HITPOINT WARNING * * *
You feel very sick. The water moccasin closely misses you.
The orc completely misses you.
It was a potion of lignification.
You turn into a tree.
Your +0 cloak melds into your body.
Your +0 robe melds into your body.
Your roots penetrate the ground.
* * * LOW HITPOINT WARNING * * *
You feel very sick. The water moccasin bites you.
You die...

## .##' ###### .....
##....# .... #.....#
...# #....##...##.
..##....)o......
.......<♣S...#
..##....##...# #....#
..# #....# .#
######..... #
#...##....# ##
#...##....# ...
#....#....# ....
#####'###....#######....


You could see a water moccasin (unable to see you, misshapen) and an orc (unable
to see you).

Vanquished Creatures
  A troll (D:9)
  A yak (D:9)
  2 orc warriors (D:9)
  An ogre (D:4)
  2 scorpions (D:4)
  A howler monkey (D:4)
  6 hounds
  Crazy Yiuf (D:4)
  An orc priest (D:4)
  Natasha (D:3)
  Robin (D:3)
  4 gnolls
  4 adders
  A white imp (D:7)
  4 worms
  2 dart slugs
  10 orcs
  6 endoplasms
  5 giant cockroaches
  16 goblins
  7 hobgoblins
  7 jackals
  8 kobolds
  7 ball pythons
  8 bats
  9 frilled lizards
  6 rats
122 creatures vanquished.

Notes
Turn   | Place    | Note
-------+----------+-------------------------------------------
     0 | D:5      | GordonOverkill the Spriggan Delver began the quest for the
                  | Orb.
     0 | D:5      | Reached XP level 1. HP: 11/11 MP: 2/2
    39 | D:7      | Noticed a sleepcap
    74 | D:9      | Noticed a troll
    77 | D:9      | Killed a troll
    78 | D:9      | Reached XP level 2. HP: 16/16 MP: 2/7
    78 | D:9      | Reached XP level 3. HP: 20/20 MP: 2/8
    78 | D:9      | Reached XP level 4. HP: 24/24 MP: 2/9
    78 | D:9      | Reached XP level 5. HP: 28/28 MP: 2/10
   186 | D:9      | Noticed a yak
   186 | D:9      | Noticed an orc warrior
   194 | D:9      | Killed an orc warrior
   195 | D:9      | Reached XP level 6. HP: 32/32 MP: 11/11
   196 | D:9      | Killed a yak
   206 | D:9      | Noticed an orc warrior
   211 | D:9      | Killed an orc warrior
   212 | D:9      | Reached XP level 7. HP: 36/36 MP: 12/12
   315 | D:10     | Entered Level 10 of the Dungeon
   322 | D:9      | Noticed a wyvern
   353 | D:7      | Found a staircase to the Ecumenical Temple.
   368 | Temple   | Entered the Ecumenical Temple
   381 | Temple   | Became a worshipper of Vehumet
  1340 | D:3      | Noticed Natasha
  1821 | D:3      | Found a hide-covered altar of Uskayaw.
  1863 | D:3      | Reached * piety under Vehumet
  1863 | D:3      | Offered knowledge of Magic Dart by Vehumet.
  1866 | D:3      | Learned a level 1 spell: Magic Dart
  2499 | D:1      | Found a faded altar of an unknown god.
  2858 | D:1      | Reached skill level 5 in Conjurations
  2961 | D:1      | Reached ** piety under Vehumet
  2961 | D:1      | Offered knowledge of Poisonous Vapours by Vehumet.
  3014 | D:1      | Learned a level 5 spell: Irradiate
  3918 | D:3      | Offered knowledge of Hailstorm by Vehumet.
  4052 | D:3      | Noticed Robin
  4065 | D:3      | Killed Robin
  4066 | D:3      | Reached skill level 1 in Transmutations
  4134 | D:3      | Reached *** piety under Vehumet
  4406 | D:3      | Found an ancient bone altar of Kikubaaqudgha.
  4406 | D:3      | Found a broken altar of Ashenzari.
  4406 | D:3      | Found a bloodstained altar of Trog.
  4608 | D:3      | Found a sparkling altar of Nemelex Xobeh.
  4697 | D:3      | Found a shimmering altar of Xom.
  4844 | D:3      | Killed Natasha
  5286 | D:4      | Reached skill level 5 in Transmutations
  5286 | D:4      | Reached XP level 8. HP: 40/40 MP: 1/15
  5981 | D:4      | Found a runed translucent door.
  5982 | D:4      | Noticed Crazy Yiuf
  6126 | D:4      | Found a shimmering blue altar of Sif Muna.
  6252 | D:4      | Killed Crazy Yiuf
  6478 | D:5      | HP: 2/40 [poisoned by a water moccasin]
  6479 | D:5      | Slain by a water moccasin

Illustrated notes

Levels and vault maps discovered:
D:1:      wander_arrival_peaceful_grave, layout_loops_ring,
          hellmonk_ecumenical_altar_blasted
D:2:      layout_loops_ring, minmay_tetromino_i4
D:3:      layout_loops_corners, jmf_multi_god_temple,
          mainiacjoe_overflow_surrounded_room,
          chequers_temple_overflow_statue_of_worship,
          chequers_serial_rivers_large_a, cheibrodos_gnoll_hut, uniq_natasha,
          uniq_robin
D:4:      layout_cave_pools, mainiacjoe_overflow_alcove_1, minmay_misc_feat_x,
          uniq_crazy_yiuf_cottage
D:5:      layout_gridville, amcnicky_altar_gilded, kennysheep_decorative_pillar
D:6:      layout_basic, nicolae_shop_dragon_depot
D:7:      layout_loops_ring, temple_statues
D:8:      minmay_the_grid_octo_tiled_octocenter
          [minmay_the_grid_octo_concentric, minmay_the_grid_octo_empty,
          minmay_the_grid_octo_tetromino_candy,
          minmay_the_grid_octo_checkerflower, minmay_the_grid_octo_prize_star,
          minmay_the_grid_square_5x5_slash,
          minmay_the_grid_square_5x5_pentomino_r,
          minmay_the_grid_square_5x5_bridge,
          minmay_the_grid_square_5x5_two_walls_b], layout_loops_ring
D:9:      minmay_recursive_quarters, layout_irregular_city, enter_bailey_3,
          moated_statue, kennysheep_potato
D:10:     layout_gridville, nicolae_wu_jian_wuxing_cycle, enter_trove_1,
          muffindrake_ghost_dual_entry
Temple:   nicolae_temple_ecumenical_triangle

Skill      XL: |  1  2  3  4  5  6  7  8 |
---------------+-------------------------+-----
Evocations     | 3 |  3.0
Spellcasting   | 3 4 |  4.0
Fighting       | 3 |  3.0
Conjurations   | 2 3 4 5 |  5.0
Transmutations | 5 7 |  7.1
Dodging        | |  2.6
Stealth        | |  7.2
Unarmed Combat | |  1.5

Action                     |  1- 3 |  4- 6 |  7- 9 || total
---------------------------+-------+-------+-------++-------
  Melee: Unarmed           |       |       |   181 ||   181
         Dagger            |       |       |    26 ||    26
         Punch             |       |       |     8 ||     8
  Throw: Boomerang         |       |       |     9 ||     9
   Cast: Magic Dart        |       |       |   252 ||   252
         Irradiate         |       |       |     5 ||     5
  Evoke: Wand              |     4 |     8 |     2 ||    14
    Use: Potion            |       |       |     4 ||     4
         Scroll            |       |       |     1 ||     1
   Stab: Sleeping          |       |       |    14 ||    14
         Distracted        |       |       |     1 ||     1
 Armour: Robe              |       |       |    84 ||    84
         Skin              |       |       |     1 ||     1
  Dodge: Dodged            |       |       |   202 ||   202

Table legend: (Time is in decaauts)
 A = Elapsed time spent in this place.
 B = Non-inter-level travel time spent in this place.
 C = Inter-level travel time spent in this place.
 D = Time resting spent in this place.
 E = Time spent auto-exploring this place.
 F = Levels seen in this place.
 G = Mean time per level.
                   A        B        C        D        E       F      G
               +--------+--------+--------+--------+--------+-----+--------+
         Total |   5143 |   5027 |    116 |   2103 |   1662 |  11 |  467.5 |
       Dungeon |   5126 |   5017 |    109 |   2103 |   1662 |  10 |  512.6 |
        Temple |     17 |     10 |      7 |      0 |      0 |   1 |   17.0 |
               +--------+--------+--------+--------+--------+-----+--------+

Top non-repeatable levels by time:
     D:4: 1589 daAuts
     D:3: 1288 daAuts
     D:1: 811 daAuts
     D:2: 748 daAuts
     D:5: 237 daAuts
     D:9: 222 daAuts
     D:7: 123 daAuts
     D:6: 89 daAuts
  Temple: 17 daAuts
     D:8: 14 daAuts
    D:10: 1 daAuts
